[Event "Chess.com Global Championship Knockout "]
[Site "Chess.com"]
[Date "2022.09.24"]
[Round "2"]
[White "Sadhwani, Raunak"]
[Black "Giri, Anish"]
[Result "0-1"]
[WhiteElo "2620"]
[BlackElo "2764"]
[ECO "B31"]
[EventDate "2022.??.??"]
[Annotator "rafael"]
[PlyCount "74"]
[Beauty "7837375822346"]
[EventType "team-tourn"]
[TimeControl "900+2"]

{Giri's play was very convincing in this match. Any of his three victories could be chosen as the game of the day. I decided on the second one: a nice demonstration of positional play with a nice finish.} 
1.e4 c5 2.Nf3 Nc6 {Probably with the intention of playing the Sveshnikov Variation. I've noticed that this is the choice of the most solid elite players when they don't want to play 1...e5, which is by far the most popular move among them these days.} 3.Bb5 {Demonstrating an advantage against the Sveshnikov has proved to be an inglorious task. Sadhwani decides to try the Rossolimo Variation.} 3...g6 {The choice between 3...g6 and 3...e6 is a matter of taste; both moves are equally good. I've played a lot of games in the position that comes after 3...d6, but my impression is that Black has more problems there.} 4.O-O Bg7 5.Re1 e5 6.Bxc6 {The main move. 6.b4 was played in the world championship match between Caruana and Carlsen.} ( 6.b4 $5 Nxb4 7.Bb2 a6 8.a3 axb5 9.axb4 Rxa1 10.Bxa1 d6 11.bxc5 Ne7 {and the game later ended in a draw. Caruana-Carlsen, London 2018.} ) 6...dxc6 {It's not always easy to choose which pawn to capture the piece with in this type of situation. The move played is the most popular, and this is understandable: the c8-bishop gains freedom, and the c3-d4 plan becomes difficult to carry out.} ( 6...bxc6 7.c3 {followed by 8.d4 and White has a good performance in the games played in this position.} ) 7.a4 {This is just the fifth most popular move, but this year it was played twice by GM Esipenko. Sadhwani himself had already tried this move, in a game last year against my friend, GM Fier. Certainly Giri was not surprised.} 7...Qe7 ( 7...g5 {This curious and optimistic move was tried in a rapid game this year. But Black didn't have enough attack to justify his weaknesses after} 8.d3 g4 9.Nfd2 Be6 10.Nc4 Ne7 11.Be3 b6 12.a5 {in Esipenko-Praggnanandhaa, 2022.} ) ( 7...a5 {Limiting White's expansion on the queenside is a natural choice.} 8.d3 Qc7 9.Be3 b6 10.Na3 Ne7 11.Nc4 Be6 {with a complex position. The computer has a slight preference for White's position. Sadhwani-Fier, Peniche 2021.} ) 8.a5 {This natural move has never been specifically played here, but we will have a transposition a move later.} ( 8.Na3 {was Esipenko's choice.} 8...Nf6 ( 8...Be6 $5 ) 9.Nc4 Nd7 10.d3 O-O 11.Bg5 f6 12.Be3 {Esipenko-Gukesh, Biel (rapid) 2022.} ) 8...Nf6 9.d3 {The game is back on the theoretical track.} 9...O-O {This is a good time to look at the merits of each player's position. Black has the good old pair of bishops, a positional advantage that every grandmaster appreciates. What does White get in return $2 A better pawn structure on the queenside, with the a5-pawn annoying the opponent. White should try to play on that side of the board, and a natural plan is to try the b4 break at some point. My machine \"thinks\" that White is slightly better, but I'd rather play as Black. Naturally, I am influenced by my predilection for the bishop pair and the outcome of this game.} 10.h3 {It's not clear to me that this move is really necessary.} ( 10.Nbd2 ) ( 10.Be3 ) 10...Ne8 $1 {Black's traditional plan: take the knight to the e6-square.} 11.Na3 Nc7 12.Nc4 f6 13.Be3 Ne6 14.c3 Rd8 15.Qc2 Bd7 {The last moves of both parties were very natural. Now Sadhwani plays a novelty.} 16.Reb1 {No one can accuse White of hiding his intentions.} ( 16.Rad1 {it is a radically different plan. White chooses to break the structure in the center.} 16...Be8 17.b3 Bf7 18.d4 cxd4 19.cxd4 exd4 20.Nxd4 Nxd4 21.Bxd4 c5 22.Bc3 Rxd1 23.Rxd1 Rd8 {with equality. Raja-Frolyanov, Moscow 2020.} ) 16...Be8 17.b4 cxb4 18.Rxb4 $6 ( 18.cxb4 {is better, preventing the expansion of Black's pawn structure.} ) 18...c5 19.Rb3 Bc6 {Now Giri has excellent control of the center and plans to play f5 soon.} 20.Nb2 $2 {The typical \"ugly\" move. I guess Shadwani didn't find a satisfactory plan. Probably if it was White's move here, the best thing would be to get the knight back to c4.} ( 20.a6 {My computer suggests sacrificing a piece after} 20...b6 21.Nxb6 axb6 22.Rxb6 {I really don't know what to say about it, other than the obvious: few flesh-and-blood chess players would play like that (perhaps none).} ) 20...f5 $1 {Taking advantage of the fact that now the e5-pawn doesn't need protection.} 21.exf5 $6 {This move is also a mistake, but I understand that White tries at least to complicate the game to get chances.} 21...gxf5 {Now the bishop pair cuts the board.} 22.Qe2 Re8 ( 22...Kh8 {would be quite logical with the plan of 23...Rg8.} ) 23.Re1 Qc7 24.Nc4 Rad8 25.Ng5 {Desperately trying to create some mess on the board.} 25...Nf4 $1 26.Bxf4 exf4 27.Qd2 Rxe1+ 28.Qxe1 Re8 {A very didactic position to demonstrate the superiority of the pair of bishops against the pair of knights. Black's bishops are devastating, while the g5-knight is misplaced. To be honest, he's not White's only bad piece; the comparison between the rooks is also thankless.} 29.Qd2 Bf6 $1 {A clinical move, preparing to bring the queen into play as well, via g7.} 30.Nf3 Kh8 $1 {Another accurate move. Now the rook can go to g8.} 31.Ne1 Qg7 $1 32.Kf1 {It is not surprising that there is now a tactical solution to ensure Black's victory.} 32...Bxg2+ $1 33.Nxg2 f3 34.Nce3 ( 34.Ne1 {ends in checkmate:} 34...Rxe1+ 35.Kxe1 ( 35.Qxe1 Qg2# ) 35...Qg1# ) ( 34.Nge3 Rg8 35.Ke1 Qg1+ 36.Nf1 Re8+ 37.Ne3 f4 38.Rxb7 fxe3 39.fxe3 Bh4+ {and Black wins material.} ) 34...Qh6 {Other moves also win, but this one is the most elegant. The threat is to capture the h3-pawn.} 35.h4 Bxh4 36.Qd1 ( 36.Nxh4 Qxh4 {and it's impossible to avoid mate.} ) 36...fxg2+ 37.Nxg2 Bg3 $1 {White resigns, as there is no defense against 38...Qh1. Note the importance of the bishop on g3, controlling the h2-square in case of 39.Kg1 Qh2+.} ( 37...Bg3 38.Kg1 Qh2+ 39.Kf1 Qh1# ) 0-1

[Event "Sinquefield Cup 2022"]
[Site "Chess.com"]
[Date "2022.09.02"]
[Round "1"]
[White "Carlsen, Magnus"]
[Black "Nepomniachtchi, Ian"]
[Result "1-0"]
[WhiteElo "2864"]
[BlackElo "2792"]
[ECO "D35"]
[EventDate "2022.??.??"]
[Annotator "Rafael Leitão"]
[PlyCount "85"]
[Beauty "7491094052871"]
[EventType "swiss"]
[EventRounds "9"]
[TimeControl "5400+30"]

1.d4 Nf6 2.c4 e6 3.Nf3 d5 4.cxd5 {The first important moment. Nepomniachtchi has been confidently playing the line with 4. Nc3 c5, which sometimes leads to long forced draws. This system was played by So in this round. Instead of getting into a theoretical battle, Carlsen tries to take the game into his own turf.} 4...exd5 5.Nc3 c6 {The problem for White in this line is that there is no way to prevent the black bishop from developing to f5. Usually in the Queen's Gambit exchange variation it's possible to avoid this by placing a bishop on d3 or the queen on c2. In this game's move order, Black can force the development of the bishop, even if he has to play g6 first.} 6.Bf4 {The third most popular move, simply ignoring 6...Bf5.} ( 6.Bg5 Be7 7.Qc2 g6 {is hugely theoretical.} ) ( 6.Qc2 {is also popular. Now Black can choose between 6...Be7, 6...g6 or 6... Bd6.} ) 6...Bf5 ( 6...Bd6 7.Bxd6 Qxd6 8.e3 {was played in Caruana-Karjakin, Wijk aan Zee 2022.} ) 7.e3 Nbd7 8.h3 $5 {With this move White plans to play g2-g4 and create some annoyance for the f5-bishop.} 8...Be7 ( 8...Qb6 {is a critical test.} 9.Bd3 {And now Black can choose between the bishop exchange or grabbing the b2-pawn.} ( 9.Qc1 {is also possible, but looks harmless.} ) 9...Qxb2 $5 ( 9...Bxd3 ) 10.Bxf5 Qxc3+ 11.Kf1 {with a double-edged position.} ) ( 8...h6 {also looks reasonable.} 9.g4 Bh7 ) 9.g4 Be4 $5 {Curiously this move was tried before by Carlsen himself in a blitz game against Anand.} ( 9...Bg6 {is the most popular move.} ) 10.Be2 {The first new move.} ( 10.Bg2 O-O {was Anand-Carlsen, Moscow 2009 (blitz).} ) 10...Qb6 ( 10...O-O {As I like to say my students: if you are in doubt, just castle. But I don't think this applies to 2790+ players as they don't have too many doubts.} 11.g5 {and now 11...Nh5, 11...Ne8 or 11...Bxf3 are possible, with equal play in all cases.} ( 11.O-O Bxf3 $5 {The idea is to exchange the knight before it starts to jump.} 12.Bxf3 Nb6 {followed by 12...Bd6 with an equal position.} ) 11...Ne8 ( 11...Nh5 ) ( 11...Bxf3 ) ) 11.Qb3 Qxb3 12.axb3 {White doesn't have any particular advantage, but Carlsen thrives in this type of position.} 12...Bg6 ( 12...h6 {with the idea of going back with the bishop to h7, is interesting. A fine point is that after} 13.Nxe4 Nxe4 14.Bd3 {Black has the accurate} 14...Bd6 $1 {with equality, since after} 15.Bxe4 {he has the intermediate check} 15...Bb4+ $1 16.Ke2 dxe4 ) 13.Nh4 $1 {Going after the bishop. From now on, Nepomniachtchi starts to play small inaccuracies.} 13...Bb4 $6 {White gets a small plus after this move. 13...Ne4 or 13...Bc2 are more dynamic moves.} ( 13...Bc2 $5 14.Nf5 ( 14.Kd2 $5 {this pawn sacrifice is also interesting.} 14...Bxb3 15.Nf5 Bf8 ) 14...Bxf5 15.gxf5 g6 {is close to equality, althought White looks a bit more comfortable.} ) ( 13...Ne4 14.Nxg6 hxg6 15.f3 Bh4+ 16.Kf1 Ng3+ 17.Bxg3 Bxg3 18.b4 $1 {And again the position is close to equal, but White can try to press with the plan of b4-b5.} ) 14.Nxg6 ( 14.Rc1 {Delaying the bishop's capture is also possible.} ) 14...hxg6 15.f3 $1 {Taking the e4-square from the knight and preparing Kf2-g2.} 15...Nf8 16.Kf2 Ne6 17.Bg3 {White has the bishop pair and a small advantage in this endgame.} 17...Ke7 18.h4 a6 19.Kg2 Rad8 20.Bf2 {The problem with Black's position is that he has no active plan. I suspect this is particulartly difficult for Nepomniachtchi, being such an agressive player that thrives in positions where he has the initiative.} 20...Bd6 {The computer suggests the strange 20...Kd7 followed by a plan with Ng8-e7. This is simply unintelligible for humans. With this retreat, Nepomniachtchi wants, I suppose, to prepare c6-c5 in some way, as this is his only active attempt. But Carlsen is going to neutralize this idea.} ( 20...c5 $2 21.Na2 {and the bishop is badly placed on b4.} ) 21.Bd3 Bb8 ( 21...c5 $2 22.g5 $1 {and the d-pawn falls.} ) 22.Na4 $1 Bd6 23.Be1 $1 {White wants to play b4, as this will shut the c5 break forever. Maybe Black should accept this fate, but he decides to act.} 23...c5 $6 24.Nxc5 Nxc5 25.dxc5 Bxc5 26.Bd2 Rhe8 27.b4 Bb6 28.b5 $1 {Chess looks simple in the hands of such a magnificent player. White not only improves the pawn structure, but actually might start an attack on Black's king.} 28...a5 {Black decides to sacrifice a pawn.} ( 28...axb5 29.Bxb5 {and Black's king is now shaky in the center of the board. White has plans with Bb4+, g5 and then trying to open the center and attack the king.} ) 29.Bxa5 Bxa5 30.Rxa5 Kd6 31.Kf2 Re7 ( 31...Ra8 32.b4 Nd7 {is the lesser evil.} ) ( 31...Nd7 32.Ra7 $1 Nc5 33.Rd1 Nxd3+ 34.Rxd3 {and the rook endgame is very unpleasant for Black.} ) 32.Rd1 Rh8 33.g5 $1 Nd7 34.Ra4 Nc5 ( 34...Nb6 35.Rd4 {and White is ready to open the position with e4, with a decisive advantage.} ) 35.Rg4 {The threat now is 36.Bc4.} 35...Kc7 ( 35...Nxd3+ 36.Rxd3 {and the rook endgame is easily winning, for instance:} 36...Rd7 37.Rgd4 Kc5 38.b4+ Kxb5 39.Rxd5+ Rxd5 40.Rxd5+ Kxb4 41.Rd7 b5 42.Rxf7 {and the kingside pawns decide the game.} ) 36.Bb1 $1 Re5 37.Ba2 {Now the d5-pawn is lost.} 37...f6 38.gxf6 gxf6 39.Rxd5 Rxd5 40.Bxd5 Nd3+ 41.Kg3 Ne5 42.Rf4 Rd8 43.b6+ {The kingside pawns are about to fall and it's time to resign. As in Karpov's best games, it's even hard to point out exactly where the losing side went wrong. The advantage grew steadily until it was impossible to defend. A textbook victory by Carlsen.} 1-0

[Event "Sinquefield Cup 2022"]
[Site "Chess.com"]
[Date "2022.09.03"]
[Round "2"]
[White "Niemann, Hans Moke"]
[Black "Mamedyarov, Shakhriyar"]
[Result "1-0"]
[WhiteElo "2687"]
[BlackElo "2758"]
[ECO "A28"]
[EventDate "2022.??.??"]
[Annotator "Rafael Leitão"]
[PlyCount "98"]
[Beauty "7010749780027"]
[EventType "swiss"]
[EventRounds "9"]
[TimeControl "5400+30"]

{Hans Niemann is a very popular figure right now in the chess world. He gave some hilarious interviews during the St. Louis Rapid and Blitz Championship, and those were always a joy to watch. He is young, confident, and plays all his games to win; he is never afraid even when facing the absolute elite of chess. More than all this, what strikes me as particularly interesting about this player is that he seems to work very hard on his chess, and his rise to the top has been meteoric. His opponent in this game is the already legendary Shakhriyar Mamedyarov, a player who is admired all over the world for his fearless style. This clash promised and delivered fireworks.} 
1.c4 e5 2.Nc3 Nf6 3.Nf3 Nc6 4.e4 {This is currently a fashionable variation of the English Four Knights Opening. It's curious that I have become a sort of \"specialist\" in this line, although I have never played it in an official over-the-board game. But times have changed, and when searching in an online database, I found no fewer than 16 of my own games, all played in Titled Tuesdays. Of course, the reader can find more qualified players to follow in case they decide to study this variation, but I must say my score is not bad at all. Given my poor Titled Tuesday record, this shows that this line must be really very good for White.} 4...Bc5 ( 4...Bb4 {is a more reliable move.} ) 5.Nxe5 $1 {This is the point; otherwise, Black has very comfortable play.} 5...Nxe5 ( 5...Bxf2+ $2 {is a typical resource, but here it's just losing.} 6.Kxf2 Nxe5 7.d4 {and White has an overwhelming advantage. I played a few online games in this position, but since they were not played in any official event, they cannot (luckily) be found.} ) ( 5...O-O $5 {Nakamura played this against me in a Titled Tuesday once. I was surprised and reacted poorly with} 6.Nxc6 $2 ( 6.Nf3 $1 {is better.} 6...Nxe4 7.Nxe4 Re8 8.d3 f5 9.Be2 fxe4 10.dxe4 {with the advantage.} ) 6...dxc6 {Black has great compensation for the pawn.} ) 6.d4 Bb4 7.dxe5 Nxe4 {Now White has a difficult decision between 8.Qd4 and 8.Qf3. To me, it's not clear which is better, but the latter is more popular these days.} 8.Qf3 ( 8.Qd4 Nxc3 9.bxc3 Be7 10.Qg4 {with a complicated game.} ) 8...Nxc3 ( 8...Qh4 $2 {loses after} 9.g3 Ng5 10.Qe2 Qe4 11.Bxg5 Bxc3+ 12.bxc3 Qxh1 13.f3 {and the h1-queen will soon be captured.} ) 9.bxc3 Ba5 ( 9...Bc5 {This was played against me by German GM Rasmus Svane.} 10.Qg3 g6 $2 ( 10...Kf8 {is necessary.} ) 11.Bd3 {and I had such a good position that even my poor play was unable to spoil it.} ) 10.Bf4 O-O 11.O-O-O $5 {It looks crazy for the untrained (or unprepared) eye to direct the king toward such a scattered pawn structure. But if the computers say it's good, we have to study it. More conservative (or lazier) players might consider 11.Rd1 or 11.Be2 and castling short.} 11...Qe7 12.Kb2 {This is necessary to avoid a queen invasion.} 12...Rb8 $1 {An excellent move, creating an x-ray with the king and getting ready for counterplay with b7-b5. This is still mainstream opening theory.} 13.Qe3 $1 {A strong prophylactic move. White gets ready to meet 13...b5 with 14.c5. If White manages to stop Black's counterplay on the queenside, then he is ready for a devastating kingside attack. Let's not forget that Black's king is completely abandoned by his pieces. When the bishop gets to d3, checkmate is going to be a real possibility.} ( 13.Bd3 {This was played by Carlsen against Caruana, when all this was still new to everyone. Black has good counterplay after} 13...b5 $1 14.cxb5 Bb7 {Carlsen - Caruana, Douglas 2019.} ) 13...b6 $6 $146 {This is a new and strange move. Black's counterplay is usually connected with b7-b5, so why advance this move only one square $2} ( 13...b5 {was tried in a few games.} 14.c5 $1 b4 15.c4 b3 16.a3 $1 {and it seems Black still has problems to solve.} ( 16.axb3 $6 Bb4 ) ) ( 13...Bb6 {was played in a recent email game and is the first suggestion of the computer. I guess future games will say whether this move is enough to solve Black's problems.} ) 14.Bd3 ( 14.h4 $1 {is a typical plan and also very strong. White prepares 15.Rh3, and the rook is useful both on attack and defense.} ) 14...Qe6 ( 14...f6 {Maybe Black should try this move. With the bishop on d3, 15.exf6 is not so good because the c3-pawn will be hanging after 15...Qxf6.} ) 15.Qg3 {Not the most accurate. I think 15.Qe4 or 15.h4 is better.} ( 15.Qe4 g6 16.Bh6 Re8 17.Rhe1 {with the advantage.} ) ( 15.h4 $5 {and the idea of Rh3 is also promising.} ) 15...Re8 {The idea of this move is to avoid Bg5.} ( 15...b5 {is interesting. Play might continue:} 16.c5 ( 16.cxb5 {This move is not what White usually wants to play.} 16...Bb7 {With the idea of Bc6 followed by a6 with good compensation.} ) 16...Ba6 {with a very complicated position. One of the computer lines goes} 17.Bg5 b4 18.c4 b3 $1 19.axb3 Bxc4 20.Bxc4 Qxc4 21.Bh6 Qe2+ 22.Ka1 g6 23.Bxf8 Kxf8 24.Qe3 Qxe3 25.fxe3 Bc3+ 26.Ka2 Ke7 {and the e5-pawn will fall, and Black has good drawing chances.} ) 16.Rhe1 {Preparing Bg5 again now that the e5-pawn is protected.} 16...b5 {Mamedyarov starts his counterplay. This is a critical position.} 17.c5 $2 {This is a mistake because the e1-rook will be hanging. I understand Niemann probably saw this and decided to sacrifice the exchange, but the stone- hearted computer is not impressed.} ( 17.cxb5 $1 {is better with big complications.} ) 17...b4 18.c4 b3 $1 {This is the point.} 19.axb3 Bxe1 20.Rxe1 a5 $2 {After this move, the exchange sacrifice is fully justified, and White achieves enormous compensation. Black should open the center with 20...d6 or 20...d5.} ( 20...d6 $1 {20...d5 is the same.} 21.cxd6 cxd6 {and White has some compensation for the exchange, but objectively Black is better.} ) 21.Bd2 $1 {A very good move, preparing to meet 21...a4 with 22.b4.} ( 21.Qh4 g6 22.Bd2 $1 {is also good with the same idea.} ) 21...Ba6 ( 21...a4 22.b4 {with a winning position for White due to the big space advantage. The rooks have no columns to control, and the king is very insecure.} ) 22.Qh4 g6 23.Qd4 $1 {I like this move a lot, centralizing the queen.} ( 23.Bxa5 $6 {is not so clear after} 23...Qc6 $1 ) 23...Rb7 {This is the only plan for counterplay. The game flows logically.} 24.Bxa5 Reb8 25.b4 Rxb4+ $1 {Otherwise Black can resign.} 26.Bxb4 Rxb4+ 27.Kc3 Rb8 28.Be4 Qe8 ( 28...Bxc4 $5 {is an interesting try to complicate the game. After} 29.Qxc4 Qxe5+ 30.Kd3 Qb2 $1 {White has to find the precise} 31.Bd5 $1 Qxf2 32.Qc3 $1 {Everything is protected, and the position is winning.} ) 29.Bd5 ( 29.Rd1 $1 {is more accurate.} ) 29...Bb7 30.Rb1 Ba8 $2 {This move loses.} ( 30...Bxd5 $1 {is the only chance. After} 31.Rxb8 Qxb8 32.cxd5 ( 32.Qxd5 Qe8 $14 ) 32...Qb5 {Black can fight for the draw.} ) 31.Rxb8 Qxb8 32.Bxa8 Qxa8 33.Qxd7 Qa1+ 34.Kb4 Qxe5 35.Kb5 {The c7-pawn will fall, and White has an easy winning position. This is a good time to pay respect for the doubled pawns, an often-misunderstood positional element of chess. Doubled pawns are usually not as bad as people think. Here, for instance, this extra pawn on c4 serves as a shelter for the king against the checks.} 35...h5 36.Kc6 Qxh2 37.Qd8+ Kh7 38.Qf6 Qxg2+ 39.Kxc7 {The rest is easy.} 39...Qe4 40.Qxf7+ Kh6 41.Qd5 Qe7+ 42.Kb6 Qf6+ 43.c6 Qxf2+ 44.Kb7 Qb2+ 45.Qb5 Qg2 46.Kb8 h4 47.c7 Qg3 48.Kb7 Qf3+ 49.Qd5 Qb3+ 1-0